 Dungeon Sprint DCSS version 0.27-a0-216-g1fbed8a51c (webtiles) character file.

Game seed: 16874803992367109610

7 mhtbhm the Insei (level 2, -5/18 HPs)
             Began as an Octopode Transmuter on Jan 31, 2021.
             Slain by a human (10 damage)
             ... in the Dungeon (Sprint III: "The Ten Rune Challenge").
             The game lasted 00:00:14 (191 turns).

mhtbhm the Insei (Octopode Transmuter)               Turns: 191, Time: 00:00:15

Health: -5/18      AC:  1    Str:  9    XL:     2   Next: 0%
Magic:  2/5        EV: 13    Int: 15    God:
Gold:   0          SH:  0    Dex: 12    Spells: 2/5 levels left

rFire    . . .     SeeInvis .     - Unarmed
rCold    . . .     Faith    .   (no shield)
rNeg     . . .     Spirit   .   (helmet currently unavailable)
rPois    .         Reflect  .   (no amulet)
rElec    .         Harm     .   (no ring)
rCorr    .         Rampage  .   (no ring)
Will     .....     NoTele   +   (no ring)
Stlth    ++........             (no ring)
HPRegen  0.06/turn              (no ring)
MPRegen  0.09/turn              (no ring)
                                (no ring)
                                (no ring)

@: appendages (expiring), wereblooded
A: almost no armour, stealthy swim, amphibious, 8 rings, constrict 8, tentacle
spike 3, camouflage 1, gelatinous body 1
a: End Transformation


You were in the Dungeon.
One of your tentacles had a temporary spike.
You visited 1 branch

Inventory:

Scrolls
 g - a scroll of blinking
Potions
 b - a potion of curing
 c - a potion of heal wounds
 d - a potion of haste
 e - 2 potions of magic
 f - a potion of berserk rage


   Skills:
 + Level 1.0 Fighting
 + Level 2.2 Dodging
 + Level 0.4 Stealth
 + Level 4.0 Unarmed Combat
 + Level 2.2 Spellcasting
 + Level 2.8 Transmutations


You had 2 spell levels left.
You knew the following spells:

 Your Spells              Type           Power        Failure   Level
a - Beastly Appendage     Tmut           20%          7%          1
b - Wereblood             Tmut           10%          11%         2

Your spell library contained the following spells:

 Spells                   Type           Power        Failure   Level
 Spider Form              Tmut/Pois      2%           36%         3
 Ice Form                 Ice/Tmut       5%           77%         4
 Blade Hands              Tmut           5%           88%         5


Dungeon Overview and Level Annotations

Branches:
Dungeon (1/1)

Altars:


Innate Abilities, Weirdness & Mutations

You cannot wear most types of armour.
You are very stealthy in the water. (Stealth+)
You are amphibious.
You can wear up to eight rings at the same time.
You can use your tentacles to constrict eight enemies at once.
Your skin changes colour to match your surroundings (Stealth+).
Your rubbery body absorbs attacks. (AC +1, EV +1)
One of your tentacles bears a large vicious spike.


Message History

You are too injured to fight recklessly!
You are too injured to fight recklessly!
You are too injured to fight recklessly!
You are too injured to fight recklessly!
You are too injured to fight recklessly!
You are too injured to fight recklessly!
You are too injured to fight recklessly!
You are too injured to fight recklessly!
You are too injured to fight recklessly!
You are too injured to fight recklessly!
You are too injured to fight recklessly!
You tentacle-slap the human.
You pierce the human.
The human is heavily wounded.
You constrict the human, but do no damage.
The human barely misses you.
You tentacle-slap the human.
The human is heavily wounded.
You constrict the human. The human hits you!
Ouch! That really hurt!
You die...

▓#'####
▓.†...#....≈.
▓.....#...≈≈♣♣ #
▓....[#..≈≈≈≈♣♣♣ .+
▓####'#..≈≈≈≈≈≈♣♣.#
▓[...†#.≈≈≈≈≈≈....#
▓.....#.≈≈≈≈≈.....#
▓.....#.≈≈≈.......#
▓'#####......@....#
▓............p....#
▓▓▓▓▓▓▓▓▓▓▓▓▓▓▓▓▓▓▓


You could see a human.

Vanquished Creatures
  An ooze (D)
  3 rats (D)
4 creatures vanquished.

Notes
Turn   | Place    | Note
-------+----------+-------------------------------------------
     0 | D        | mhtbhm the Octopode Transmuter began the quest for the Orb.
     0 | D        | Reached XP level 1. HP: 13/13 MP: 3/3
   108 | D        | Reached skill level 4 in Unarmed Combat
   108 | D        | Reached XP level 2. HP: 14/18 MP: 3/5
   177 | D        | Learned a level 2 spell: Wereblood
   191 | D        | Slain by a human

Illustrated notes

Levels and vault maps discovered:
D:        dungeon_sprint_mu [sprint_mu_entry_forest, sprint_mu_temple_rooms,
          sprint_mu_d1_horrors, sprint_mu_d2_genie, sprint_mu_d3_branching,
          sprint_mu_orc_legion, sprint_mu_elf_gauntlet, sprint_mu_hive_nellie,
          sprint_mu_lair_fedhas, sprint_mu_vaults_butterflies,
          sprint_mu_slime_circle, sprint_mu_swamp_cave, sprint_mu_shoals_kraken,
          sprint_mu_blade_basic, sprint_mu_crypt_fortress,
          sprint_mu_tomb_spiral, sprint_mu_vestibule_basic,
          sprint_mu_gehenna_hellfire, sprint_mu_dis_giant,
          sprint_mu_tartarus_statrot, sprint_mu_cocytus_islands, sprint_mu_zot1]

Skill      XL: |  1 |
---------------+----+-----
Unarmed Combat | 4 |  4.0
Fighting       | |  1.0
Dodging        | |  2.2
Stealth        | |  0.4
Spellcasting   | |  2.2
Transmutations | |  2.8

Action                   || total
-------------------------++-------
Melee: Unarmed           ||    15
       Kick              ||     4
       Constrict         ||     2
 Cast: Beastly Appendage ||     3
       Wereblood         ||     1
 Stab: Sleeping          ||     1
Armor: Skin              ||     1
Dodge: Dodged            ||     5

Table legend: (Time is in decaauts)
 A = Elapsed time spent in this place.
 B = Non-inter-level travel time spent in this place.
 C = Inter-level travel time spent in this place.
 D = Time resting spent in this place.
 E = Time spent auto-exploring this place.
 F = Levels seen in this place.
 G = Mean time per level.
                   A        B        C        D        E       F      G
               +--------+--------+--------+--------+--------+-----+--------+
         Total |    190 |    190 |      0 |    142 |      1 |   1 |  190.0 |
       Dungeon |    190 |    190 |      0 |    142 |      1 |   1 |  190.0 |
               +--------+--------+--------+--------+--------+-----+--------+

Top non-repeatable levels by time:
       D: 190 daAuts
